 Dungeon Crawl Stone Soup version 0.26-b1-25-gafae2e710b (webtiles) character file.

Game seed: 1843443411068252400

185 pokeman the Magician (level 5, 0/29 HPs)
             Began as a Deep Elf Hedge Wizard on Jan 2, 2021.
             Slain by an iguana (9 damage)
             ... on level 3 of the Dungeon.
             The game lasted 00:06:18 (3875 turns).

pokeman the Magician (Deep Elf Hedge Wizard)        Turns: 3875, Time: 00:06:19

Health: 0/29       AC:  4    Str:  7    XL:     5   Next: 37%
Magic:  3/15       EV: 12    Int: 20    God:
Gold:   122        SH:  0    Dex: 14    Spells: 5/16 levels left

rFire    . . .     SeeInvis .   o - +4 club
rCold    . . .     Faith    .   (no shield)
rNeg     . . .     Spirit   .   m - +0 leather armour
rPois    +         Reflect  .   c - +0 hat
rElec    .         Harm     .   (no cloak)
rCorr    .         Rampage  .   d - +0 pair of gloves
Will     .....                  (no boots)
Stlth    ++........             (no amulet)
HPRegen  0.09/turn              j - ring of poison resistance
MPRegen  0.14/turn              g - ring of flight

@: no status effects
A: no striking features
a: Evoke Flight


You were on level 3 of the Dungeon.
You visited 1 branch of the dungeon, and saw 4 of its levels.

You collected 122 gold pieces.

Inventory:

Hand Weapons
 o - a +4 club (weapon)
Missiles
 n - 21 arrows
Armour
 c - a +0 hat (worn)
 d - a +0 pair of gloves (worn)
 m - a +0 leather armour (worn)
Jewellery
 g - a ring of flight (right hand)
 j - a ring of poison resistance (left hand)
Wands
 q - a wand of paralysis (8)
Scrolls
 b - 3 scrolls of remove curse {unknown}
 e - 4 scrolls of identify {unknown}
 i - 2 scrolls of teleportation {unknown}
 p - 2 scrolls of enchant armour {unknown}
Potions
 a - a potion of magic {unknown}
 f - 2 potions of attraction {unknown}
 h - a potion of flight {unknown}
 k - 2 potions of heal wounds {unknown}
 l - a potion of curing {unknown}


   Skills:
 - Level 1.0 Fighting
 - Level 1.0 Armour
 - Level 3.0 Dodging
 + Level 2.6 Stealth
 * Level 6.2 Spellcasting
 + Level 2.7 Conjurations
 - Level 1.1 Summonings
 - Level 1.1 Translocations
 - Level 1.0 Fire Magic
 + Level 0.9 Air Magic


You had 5 spell levels left.
You knew the following spells:

 Your Spells              Type           Power        Failure   Level
a - Magic Dart            Conj           68%          4%          1
b - Mephitic Cloud        Conj/Pois/Air  11%          26%         3
c - Call Imp              Summ           10%          14%         2
d - Blink                 Tloc           N/A          14%         2
e - Conjure Flame         Conj/Fire      13%          21%         3

Your spell library contained the following spells:

 Spells                   Type           Power        Failure   Level
 Slow                     Hex            6%           22%         2


Dungeon Overview and Level Annotations

Branches:
Dungeon (4/15)
 Temple: D:4-7

Altars:
Kikubaaqudgha
Makhleb
Trog


Message History

The stinking cloud engulfs the iguana but does no damage.
The iguana is lightly wounded.
The worker ant is engulfed in noxious fumes.
The worker ant appears confused.
The iguana is engulfed in noxious fumes.
The iguana appears confused.
The iguana bites the worker ant!
The worker ant is killed!
Unknown command.
The iguana is engulfed in noxious fumes.
The iguana appears confused.
The iguana is engulfed in noxious fumes.
The iguana appears confused.
The iguana is engulfed in noxious fumes.
The iguana appears confused.
You catch the helpless iguana completely off-guard!
You hit the iguana.
The iguana is moderately wounded.
The iguana is engulfed in blazing flames.
The iguana bites you!
You die...

..#.....#.#.#.#...###......# ####
..#.###.#...####.####......#
........##..........#......#
.#.####.##..####.##'#......#
.#.####..........#.........#
.#.#....###.####.#.........######
.#.#.#### #[.# #.#...........)...
...#.# ##.# #.#........####...
####.# #.# #@#........# #....
...†.# #.# #l#........# #....
.....# #.###†#........# #....
.....# #..##.############.<#.
.....# ##.##.# #....### ...###
#..#[# #....'.. ...#
#########'#.# #....### ...#
#...........# #....# #
...###...........# #####....# #


You could see an iguana (confused).

Vanquished Creatures
  A hound (D:3)
  Jessica (D:3)
  2 worker ants
  3 adders
  An adder skeleton (D:4)
  2 worms (D:2)
  A dart slug (D:3)
  8 orcs
  2 ball pythons
  6 bats
  3 giant cockroaches
  2 goblins (D:2)
  4 hobgoblins (D:2)
  3 kobolds (D:1)
  3 quokkas (D:3)
  6 frilled lizards
  5 rats
53 creatures vanquished.

Notes
Turn   | Place    | Note
-------+----------+-------------------------------------------
     0 | D:1      | pokeman the Deep Elf Hedge Wizard began the quest for the
                  | Orb.
     0 | D:1      | Reached XP level 1. HP: 10/10 MP: 7/7
   479 | D:1      | Reached XP level 2. HP: 15/15 MP: 4/9
   530 | D:1      | You fall into a shaft and drop 1 floor!
  1305 | D:2      | Reached skill level 5 in Spellcasting
  1459 | D:2      | Reached XP level 3. HP: 15/20 MP: 5/11
  1463 | D:2      | Learned a level 3 spell: Mephitic Cloud
  1466 | D:2      | Learned a level 2 spell: Call Imp
  1469 | D:2      | Learned a level 2 spell: Blink
  1473 | D:2      | Learned a level 3 spell: Conjure Flame
  1850 | D:2      | Found a faded altar of an unknown god.
  1999 | D:2      | Reached skill level 1 in Armour
  2066 | D:2      | Reached skill level 1 in Fighting
  2280 | D:2      | Found a bloodstained altar of Trog.
  2407 | D:3      | Noticed Jessica
  2466 | D:3      | Killed Jessica
  2467 | D:3      | Reached XP level 4. HP: 11/25 MP: 0/13
  2644 | D:3      | Found an ancient bone altar of Kikubaaqudgha.
  3384 | D:3      | Found a burning altar of Makhleb.
  3414 | D:3      | Reached skill level 1 in Fire Magic
  3730 | D:4      | Reached skill level 6 in Spellcasting
  3730 | D:4      | Reached XP level 5. HP: 16/29 MP: 4/15
  3787 | D:4      | Noticed an ogre
  3875 | D:3      | Slain by an iguana

Illustrated notes

Levels and vault maps discovered:
D:1:      psy_arrival_spokes, layout_loops_ring, serial_glass, glass_columns_a,
          glass_columns_c, glass_columns_b, glass_columns_c, glass_columns_a,
          glass_columns_a, glass_columns_c, glass_columns_a,
          roderic_st_hans_cross
D:2:      layout_basic, lightli_temple_of_fire, chequers_ecumenical_altar_grove
D:3:      layout_basic, lemuel_crystal_altar, old_standard_altar, uniq_jessica
D:4:      layout_cave_pools, nicolae_qazlal_eye_of_the_storm

Skill      XL: |  1  2  3  4 |
---------------+-------------+-----
Spellcasting   | 5 6 |  6.2
Armour         | 1 |  1.0
Fighting       | 1 |  1.0
Conjurations   | 2 |  2.7
Fire Magic     | 1 |  1.0
Dodging        | 3 |  3.0
Stealth        | |  2.6
Summonings     | |  1.1
Translocations | |  1.1
Air Magic      | |  0.9

Action                   |  1- 3 |  4- 6 || total
-------------------------+-------+-------++-------
Melee: Dagger            |    19 |       ||    19
       Club              |       |     5 ||     5
 Cast: Magic Dart        |   119 |    57 ||   176
       Mephitic Cloud    |     2 |     2 ||     4
       Call Imp          |       |     3 ||     3
       Conjure Flame     |       |     1 ||     1
 Stab: Confused          |     1 |     1 ||     2
Armor: Robe              |     5 |       ||     5
       Leather armour    |       |     7 ||     7
Dodge: Dodged            |    36 |    24 ||    60
